 Dungeon Crawl Stone Soup version 0.26-a0-638-gcca6ad1 (webtiles) character file.

Game seed: 9134755874283325108

79 robertstho the Firebug (level 4, -2/24 HPs)
             Began as a Deep Elf Fire Elementalist on Sept 14, 2020.
             Slain by an orc priest (4 damage)
             ... on level 3 of the Dungeon.
             The game lasted 00:02:41 (1802 turns).

robertstho the Firebug (Deep Elf Fire Elementalist) Turns: 1802, Time: 00:02:42

Health: -2/24      AC:  5    Str:  5    XL:     4   Next: 16%
Magic:  12/12      EV: 13    Int: 21    God:
Gold:   129        SH:  0    Dex: 15    Spells: 10/11 levels left

rFire    + . .     SeeInvis .   t - +2 dagger (venom)
rCold    . . .     Faith    .   (no shield)
rNeg     . . .     Spirit   .   a - +0 robe
rPois    .         Reflect  .   s - +0 helmet
rElec    .         Harm     .   (no cloak)
rCorr    .         Rampage  .   d - +0 pair of gloves
MR       .....                  q - +0 pair of boots
Stlth    ++........             (no amulet)
HPRegen  0.08/turn              m - ring of protection from fire
MPRegen  0.13/turn              (no ring)

@: no status effects
A: no striking features
a: no special abilities


You were on level 3 of the Dungeon.
You visited 1 branch of the dungeon, and saw 3 of its levels.

You collected 129 gold pieces.

Inventory:

Hand Weapons
 l - a +0 vampiric hand axe
 t - a +2 dagger of venom (weapon)
Armour
 a - a +0 robe (worn)
 d - a +0 pair of gloves (worn)
 q - a +0 pair of boots (worn)
 s - a +0 helmet (worn)
Jewellery
 m - a ring of protection from fire (left hand)
Scrolls
 b - 4 scrolls of identify {unknown}
 e - 2 scrolls of remove curse {unknown}
 i - a scroll of fear {unknown}
 k - a scroll of teleportation {unknown}
 n - a scroll of amnesia {unknown}
 o - a scroll of fog {unknown}
 r - a scroll of random uselessness {unknown}
Potions
 c - 2 potions of stabbing {unknown}
 f - a potion of degeneration {unknown}
 h - a potion of magic
 j - a potion of curing {unknown}
 p - a potion of mutation {unknown}


   Skills:
 + Level 0.1 Fighting
 + Level 0.1 Short Blades
 + Level 2.5 Dodging
 + Level 3.2 Stealth
 + Level 4.1 Spellcasting
 + Level 1.9 Conjurations
 + Level 4.1 Fire Magic


You had 10 spell levels left.
You knew the following spells:

 Your Spells              Type           Power        Failure   Level
a - Foxfire               Conj/Fire      ###.         3%          1

Your spell library contained the following spells:

 Spells                   Type           Power        Failure   Level
 Conjure Flame            Conj/Fire      ###.....     10%         3
 Inner Flame              Hex/Fire       ##......     16%         3
 Sticky Flame             Conj/Fire      ###.....     32%         4
 Fireball                 Conj/Fire      ###.......   67%         5


Dungeon Overview and Level Annotations

Branches:
Dungeon (3/15)

Altars:
Fedhas


Message History

The foxfire hits the orc priest but does no damage.
The goblin closely misses you.
Unknown command.
Casting: Foxfire (safe; 3% risk of failure)
Confirm with . or Enter, or press ? or * to list all spells.
Nothing appears to happen.
The foxfire hits something.
The goblin misses you. The orc priest closely misses you.
Something hits you but does no damage.
Unknown command.
You completely miss the orc priest. The goblin misses you.
The orc priest hits you but does no damage.
Unknown command.
You closely miss the orc. The goblin hits you but does no damage.
The orc priest completely misses you. Something hits you.
* * * LOW HITPOINT WARNING * * *
Unknown command.
Okay, then.
It was a potion of magic.
Magic courses through your body. The orc completely misses you.
The goblin closely misses you. The orc priest hits you.
You die...

########################
...............o@o......
....############{g......
##### #o..##.## ###.#
8...# .##.# ...... .##.#
.....##. .##.# .8...# .
###.# #_#...# #.#


You could see an orc priest, 2 orcs and a goblin.

Vanquished Creatures
  3 adders (D:2)
  An ooze (D:1)
  A worm (D:3)
  A leopard gecko (D:1)
  3 orcs
  2 giant cockroaches (D:1)
  3 goblins
  6 hobgoblins
  3 jackals (D:2)
  A quokka (D:2)
  2 bats
  4 frilled lizards
  4 kobolds
  7 rats
41 creatures vanquished.

Vanquished Creatures (others)
  112 foxfires
112 creatures vanquished.

Grand Total: 153 creatures vanquished

Notes
Turn   | Place    | Note
-------+----------+-------------------------------------------
     0 | D:1      | robertstho the Deep Elf Fire Elementalist began the quest
                  | for the Orb.
     0 | D:1      | Reached XP level 1. HP: 10/10 MP: 6/6
   304 | D:1      | Reached XP level 2. HP: 9/15 MP: 5/8
   998 | D:2      | Reached XP level 3. HP: 19/19 MP: 2/10
  1441 | D:2      | Reached XP level 4. HP: 24/24 MP: 6/12
  1792 | D:3      | Found a blossoming altar of Fedhas.
  1802 | D:3      | Slain by an orc priest

Illustrated notes

Levels and vault maps discovered:
D:1:      mrwooster_arrival_statue_2, layout_basic
D:2:      layout_rooms
D:3:      layout_basic, minitemple, minmay_misc_feat_diagonals

Skill      XL: |  1  2  3 |
---------------+----------+-----
Stealth        | 3 |  3.2
Fire Magic     | 4 |  4.1
Spellcasting   | 4 |  4.1
Fighting       | |  0.1
Short Blades   | |  0.1
Dodging        | |  2.5
Conjurations   | |  1.9

Action                   |  1- 3 |  4- 6 || total
-------------------------+-------+-------++-------
Melee: Short sword       |     6 |       ||     6
       Unarmed           |     1 |       ||     1
       Dagger            |       |     4 ||     4
 Cast: Foxfire           |    56 |    19 ||    75
  Use: Potion            |       |     1 ||     1
Armor: Robe              |     1 |     3 ||     4
Dodge: Dodged            |    10 |    11 ||    21

Table legend: (Time is in decaauts)
 A = Elapsed time spent in this place.
 B = Non-inter-level travel time spent in this place.
 C = Inter-level travel time spent in this place.
 D = Time resting spent in this place.
 E = Time spent auto-exploring this place.
 F = Levels seen in this place.
 G = Mean time per level.
                   A        B        C        D        E       F      G
               +--------+--------+--------+--------+--------+-----+--------+
         Total |   1800 |   1739 |     61 |    163 |   1272 |   3 |  600.0 |
       Dungeon |   1800 |   1739 |     61 |    163 |   1272 |   3 |  600.0 |
               +--------+--------+--------+--------+--------+-----+--------+

Top non-repeatable levels by time:
     D:1: 992 daAuts
     D:2: 507 daAuts
     D:3: 300 daAuts
